PAAA
BAKERSFIELD NOBLES @ SALT LAKE CITY BUZZ
07/12/2022
 
TOP OF THE 1ST
Bakersfield Nobles batting - Pitching for Salt Lake City Buzz : RHP César Toledo
Pitching: RHP César Toledo
Batting: SHB Jon Jenkins 0-0: Called Strike
0-1: SINGLE (Groundball, 34D)
Batting: LHB Emery Miller 0-0: Called Strike
0-1: Ball
1-1: Ball
2-1: Foul Ball, location: 2F
2-2: Ball
3-2: Foul Ball, location: 2F
3-2: Base on Balls
Jon Jenkins to second
Batting: LHB Jake Shelton 0-0: Ball
1-0: Swinging Strike
1-1: Ball
2-1: Foul Ball, location: 2F
2-2: Ball
3-2: Fly out, F9 (Line Drive, 9LM)
Batting: RHB Vincente Flores 0-0: Ball
1-0: Called Strike
Jon Jenkins steals 3rd base
Emery Miller to second
1-1: Ball
2-1: SINGLE (Line Drive, 4MD)
Jon Jenkins scores
Emery Miller to third
Batting: LHB Mike Russell 0-0: Foul Ball, location: 2F
Pickoff Throw to First - Out!
0-1: Called Strike
0-2: SINGLE (Groundball, 34D)
Emery Miller scores
Batting: LHB Ricardo Miranda 0-0: Called Strike
0-1: Foul Ball, location: 2F
0-2: Ball
1-2: Ball
2-2: Fielders Choice at 2nd, U6 (Groundball, 6M)
Top of the 1st over - 2 run(s), 3 hit(s), 0 error(s), 1 left on base; Bakersfield 2 - Salt Lake City 0
BOTTOM OF THE 1ST
Salt Lake City Buzz batting - Pitching for Bakersfield Nobles : RHP Alejandro Arteaga
Pitching: RHP Alejandro Arteaga
Batting: RHB Roberto Ríos 0-0: Ball
1-0: Called Strike
1-1: Swinging Strike
1-2: Ball
2-2: Ground out 4-3 (Groundball, 4)
Batting: SHB Carlton Reed 0-0: Foul Ball, location: 2F
0-1: Swinging Strike
0-2: Strikes out looking
Batting: RHB Oliver Aranda 0-0: Called Strike
0-1: Ball
1-1: Ground out 6-3 (Groundball, 6M)
Bottom of the 1st over - 0 run(s), 0 hit(s), 0 error(s), 0 left on base; Bakersfield 2 - Salt Lake City 0
TOP OF THE 2ND
Bakersfield Nobles batting - Pitching for Salt Lake City Buzz : RHP César Toledo
Batting: LHB Luis Velázquez 0-0: Ball
1-0: Foul Ball, location: 2F
1-1: Ball
2-1: Ball
3-1: Foul Ball, location: 2F
3-2: SINGLE (Flyball, 7LS)
Batting: RHB Juan Alba 0-0: Called Strike
0-1: Foul Ball, location: 2F
0-2: Ball
Wild Pitch!
Luis Velázquez to second
1-2: SINGLE (Flyball, 7S)
Luis Velázquez to third
Batting: RHB Luis Jiménez 0-0: Ball
1-0: Ball
2-0: Called Strike
2-1: Foul Ball, location: 2F
2-2: Foul Ball, location: 2F
2-2: Strikes out looking
Batting: SHB Jon Jenkins 0-0: Called Strike
0-1: Foul Ball, location: 2F
0-2: Ball
1-2: Ball
2-2: Ball
3-2: Fly out, F2 (Popup, 2RF)
Batting: LHB Emery Miller 0-0: Ball
1-0: SINGLE (Line Drive, 6MD)
Luis Velázquez scores
Juan Alba to second
Runner from 2nd tries for 3rd, SAFE, throw made to third
Batting: LHB Jake Shelton 0-0: 3-RUN HOME RUN (Flyball, 89XD), Distance : 429 ft
Batting: RHB Vincente Flores 0-0: Ball
1-0: Called Strike
1-1: Ball
2-1: Swinging Strike
2-2: SINGLE (Groundball, 34D)
Batting: LHB Mike Russell 0-0: Ball
1-0: Fly out, F7 (Flyball, 7M)
Top of the 2nd over - 4 run(s), 5 hit(s), 0 error(s), 1 left on base; Bakersfield 6 - Salt Lake City 0
BOTTOM OF THE 2ND
Salt Lake City Buzz batting - Pitching for Bakersfield Nobles : RHP Alejandro Arteaga
Batting: RHB Miguel Vidro 0-0: Ball
1-0: Called Strike
1-1: Foul Ball, location: 2F
1-2: Foul Ball, location: 2F
1-2: Ground out 5-3 (Groundball, 56)
Batting: RHB Patrick Clark 0-0: Ball
1-0: Ball
2-0: Ball
3-0: Base on Balls
Batting: RHB Ichiyo Fujii 0-0: Fly out, F4 (Popup, 34)
Batting: RHB Zach Lewis 0-0: Swinging Strike
0-1: Foul Ball, location: 2F
0-2: Ball
1-2: Foul Ball, location: 2F
1-2: Fly out, F7 (Flyball, 78D)
Bottom of the 2nd over - 0 run(s), 0 hit(s), 0 error(s), 1 left on base; Bakersfield 6 - Salt Lake City 0
TOP OF THE 3RD
Bakersfield Nobles batting - Pitching for Salt Lake City Buzz : RHP César Toledo
Batting: LHB Ricardo Miranda 0-0: Ball
1-0: Ball
2-0: Called Strike
2-1: Swinging Strike
2-2: Ball
3-2: Foul Ball, location: 2F
3-2: Foul Ball, location: 2F
3-2: Base on Balls
Batting: LHB Luis Velázquez 0-0: Called Strike
0-1: Ball
1-1: Called Strike
1-2: Foul Ball, location: 2F
1-2: Foul Ball, location: 2F
1-2: Foul Ball, location: 2F
1-2: Grounds into double play, 6-4-3 (Groundball, 6)
Batting: RHB Juan Alba 0-0: Ground out 4-3 (Groundball, 4)
Top of the 3rd over - 0 run(s), 0 hit(s), 0 error(s), 0 left on base; Bakersfield 6 - Salt Lake City 0
BOTTOM OF THE 3RD
Salt Lake City Buzz batting - Pitching for Bakersfield Nobles : RHP Alejandro Arteaga
Batting: RHB Jim Coffey 0-0: Foul Ball, location: 2F
0-1: Ball
1-1: Ground out 6-3 (Groundball, 56)
Batting: RHB Jorge Torrez 0-0: Called Strike
0-1: Swinging Strike
0-2: Ball
1-2: Ball
2-2: Fly out, F4 (Line Drive, 4)
Batting: RHB Roberto Ríos 0-0: Ball
1-0: SINGLE (Flyball, 89S)
Batting: SHB Carlton Reed 0-0: Ball
1-0: Called Strike
1-1: Ground out U3 (Groundball, 3L)
Bottom of the 3rd over - 0 run(s), 1 hit(s), 0 error(s), 1 left on base; Bakersfield 6 - Salt Lake City 0
TOP OF THE 4TH
Bakersfield Nobles batting - Pitching for Salt Lake City Buzz : RHP César Toledo
Pitching: RHP Nathaniel O'Heyne
Batting: RHB Luis Jiménez 0-0: Foul Ball, location: 2F
0-1: Foul Ball, location: 2F
0-2: Strikes out swinging
Batting: SHB Jon Jenkins 0-0: Ball
1-0: Swinging Strike
1-1: Ball
2-1: Called Strike
2-2: Foul Ball, location: 2F
2-2: Ball
3-2: Base on Balls
Batting: LHB Emery Miller 0-0: Fly out, F7 (Flyball, 7LM)
Batting: LHB Jake Shelton 0-0: Called Strike
0-1: Ball
1-1: Called Strike
1-2: Ball
2-2: Foul Ball, location: 2F
2-2: Foul Ball, location: 2F
2-2: Foul Ball, location: 2F
2-2: Fielders Choice at 2nd, U4 (Groundball, 4M)
Top of the 4th over - 0 run(s), 0 hit(s), 0 error(s), 1 left on base; Bakersfield 6 - Salt Lake City 0
BOTTOM OF THE 4TH
Salt Lake City Buzz batting - Pitching for Bakersfield Nobles : RHP Alejandro Arteaga
Batting: RHB Oliver Aranda 0-0: Called Strike
0-1: Ball
1-1: Foul Ball, location: 2F
1-2: Strikes out swinging
Batting: RHB Miguel Vidro 0-0: Ground out U3 (Groundball, 3)
Batting: RHB Patrick Clark 0-0: Ball
1-0: Foul Ball, location: 2F
1-1: Swinging Strike
1-2: Fly out, F8 (Flyball, 8RD)
Bottom of the 4th over - 0 run(s), 0 hit(s), 0 error(s), 0 left on base; Bakersfield 6 - Salt Lake City 0
TOP OF THE 5TH
Bakersfield Nobles batting - Pitching for Salt Lake City Buzz : RHP Nathaniel O'Heyne
Batting: RHB Vincente Flores 0-0: Called Strike
0-1: Foul Ball, location: 2F
0-2: Foul Ball, location: 2F
0-2: Ball
1-2: Ground out 6-3 (Groundball, 6)
Batting: LHB Mike Russell 0-0: Ball
1-0: Ball
2-0: DOUBLE (Flyball, 9LS)
Batting: LHB Ricardo Miranda 0-0: Ball
1-0: Called Strike
1-1: Foul Ball, location: 2F
1-2: Ball
2-2: Foul Ball, location: 2F
2-2: Ball
3-2: Foul Ball, location: 2F
3-2: Base on Balls
Batting: LHB Luis Velázquez 0-0: Ball
1-0: Ball
2-0: Ground out 4-3 (Groundball, 4MS)
Mike Russell to third
Ricardo Miranda to second
Batting: RHB Juan Alba 0-0: Ball
1-0: SINGLE (Line Drive, 9LM)
Mike Russell scores
Ricardo Miranda to third
Runner from 3rd tries for Home, SAFE, no throw or cutoff
Batting: RHB Luis Jiménez 0-0: Called Strike
0-1: Ground out 1-3 (Groundball, 13)
Top of the 5th over - 2 run(s), 2 hit(s), 0 error(s), 1 left on base; Bakersfield 8 - Salt Lake City 0
BOTTOM OF THE 5TH
Salt Lake City Buzz batting - Pitching for Bakersfield Nobles : RHP Alejandro Arteaga
Batting: RHB Ichiyo Fujii 0-0: Ball
1-0: Ground out 1-3 (Groundball, 15)
Batting: RHB Zach Lewis 0-0: Ball
1-0: Ball
2-0: SINGLE (Groundball, 6MD)
Batting: RHB Jim Coffey 0-0: Ball
1-0: Ball
2-0: Ball
3-0: Called Strike
3-1: Called Strike
3-2: Foul Ball, location: 2F
3-2: Fly out, F7 (Flyball, 7D)
Batting: RHB Jorge Torrez 0-0: Called Strike
0-1: Foul Ball, location: 2F
0-2: Ball
Wild Pitch!
Zach Lewis to second
1-2: Fly out, F4 (Popup, 4MD)
Bottom of the 5th over - 0 run(s), 1 hit(s), 0 error(s), 1 left on base; Bakersfield 8 - Salt Lake City 0
TOP OF THE 6TH
Bakersfield Nobles batting - Pitching for Salt Lake City Buzz : RHP Nathaniel O'Heyne
Batting: SHB Jon Jenkins 0-0: Ball
1-0: Ball
2-0: Ball
3-0: Base on Balls
Batting: LHB Emery Miller 0-0: Ball
1-0: Bunted foul
1-1: Bunt missed!
1-2: Ball
2-2: Foul Ball, location: 2F
2-2: SINGLE (Line Drive, 78S)
Jon Jenkins to second
Pitching: RHP Carlos Delgado
Batting: LHB Jake Shelton 0-0: Swinging Strike
0-1: Ball
1-1: Foul Ball, location: 2F
1-2: Strikes out swinging
Batting: RHB Vincente Flores 0-0: Ball
Jon Jenkins steals 3rd base
Emery Miller to second
1-0: Ball
2-0: Called Strike
2-1: Fly out, F7 (Flyball, 78M)
Runner from 3rd tags up, SCORES, throw made
Batting: LHB Mike Russell 0-0: Fly out, F8 (Line Drive, 8LM)
Top of the 6th over - 1 run(s), 1 hit(s), 0 error(s), 1 left on base; Bakersfield 9 - Salt Lake City 0
BOTTOM OF THE 6TH
Salt Lake City Buzz batting - Pitching for Bakersfield Nobles : RHP Alejandro Arteaga
Batting: RHB Roberto Ríos 0-0: Called Strike
0-1: Ball
1-1: Swinging Strike
1-2: Ball
2-2: Ground out 6-3 (Groundball, 6)
Batting: SHB Carlton Reed 0-0: Ball
1-0: Foul Ball, location: 2F
1-1: Ground out 6-3 (Groundball, 6)
Batting: RHB Oliver Aranda 0-0: Ball
1-0: Called Strike
1-1: Ground out U3 (Groundball, 3S)
Bottom of the 6th over - 0 run(s), 0 hit(s), 0 error(s), 0 left on base; Bakersfield 9 - Salt Lake City 0
TOP OF THE 7TH
Bakersfield Nobles batting - Pitching for Salt Lake City Buzz : RHP Carlos Delgado
Batting: LHB Ricardo Miranda 0-0: Ball
1-0: Fly out, F9 (Flyball, 9LM)
Batting: LHB Luis Velázquez 0-0: Swinging Strike
0-1: Ball
1-1: Ball
2-1: SINGLE (Groundball, 56D)
Batting: RHB Juan Alba 0-0: Ball
1-0: Ball
2-0: Ball
3-0: Called Strike
3-1: Fly out, F7 (Flyball, 78S)
Batting: RHB Luis Jiménez 0-0: Ball
1-0: Ball
2-0: Fly out, F7 (Flyball, 8LD)
Top of the 7th over - 0 run(s), 1 hit(s), 0 error(s), 1 left on base; Bakersfield 9 - Salt Lake City 0
BOTTOM OF THE 7TH
Salt Lake City Buzz batting - Pitching for Bakersfield Nobles : RHP Alejandro Arteaga
Batting: RHB Miguel Vidro 0-0: Ball
1-0: Ball
2-0: Called Strike
2-1: SINGLE (Groundball, 4MD)
Batting: RHB Patrick Clark 0-0: Ball
1-0: SINGLE (Line Drive, 89S)
Miguel Vidro to second
Batting: RHB Ichiyo Fujii 0-0: Called Strike
0-1: Fly out, F8 (Flyball, 8LS)
Batting: RHB Zach Lewis 0-0: Foul Ball, location: 2F
0-1: Foul Ball, location: 2F
0-2: Foul Ball, location: 2F
0-2: Foul Ball, location: 2F
0-2: Foul Ball, location: 2F
0-2: Ball
1-2: Grounds into double play, 6-4-3 (Groundball, 6)
Bottom of the 7th over - 0 run(s), 2 hit(s), 0 error(s), 1 left on base; Bakersfield 9 - Salt Lake City 0
TOP OF THE 8TH
Bakersfield Nobles batting - Pitching for Salt Lake City Buzz : RHP Carlos Delgado
Batting: SHB Jon Jenkins 0-0: Ball
1-0: Ball
2-0: Ball
3-0: Called Strike
3-1: Base on Balls
Batting: LHB Emery Miller 0-0: Ball
Jon Jenkins steals 2nd base
1-0: Ball
2-0: Swinging Strike
2-1: Ball
3-1: Base on Balls
Batting: LHB Jake Shelton 0-0: Ball
1-0: Ball
2-0: Called Strike
2-1: Ball
3-1: Base on Balls
Jon Jenkins to third
Emery Miller to second
Batting: RHB Vincente Flores 0-0: Fly out, F9 (Line Drive, 9M)
Runner from 3rd tags up, SCORES, throw made
Batting: LHB Mike Russell 0-0: Foul Ball, location: 2F
0-1: Foul Ball, location: 2F
0-2: Foul Ball, location: 2F
0-2: SINGLE (Groundball, 6M)
Emery Miller to third
Jake Shelton to second
Runner from 3rd tries for Home, SAFE, throw made home
Jake Shelton to third
Mike Russell to second
Batting: LHB Ricardo Miranda 0-0: Swinging Strike
0-1: Fly out, F7 (Flyball, 7S)
Batting: LHB Luis Velázquez 0-0: Swinging Strike
0-1: Foul Ball, location: 2F
0-2: Fly out, F6 (Popup, 6MD)
Top of the 8th over - 2 run(s), 1 hit(s), 0 error(s), 2 left on base; Bakersfield 11 - Salt Lake City 0
BOTTOM OF THE 8TH
Salt Lake City Buzz batting - Pitching for Bakersfield Nobles : RHP Alejandro Arteaga
Batting: RHB Jim Coffey 0-0: Called Strike
0-1: Foul Ball, location: 2F
0-2: Ball
1-2: Ball
2-2: Foul Ball, location: 2F
2-2: Strikes out looking
Batting: RHB Jorge Torrez 0-0: Called Strike
0-1: Foul Ball, location: 2F
0-2: Ball
1-2: Strikes out looking
Batting: RHB Roberto Ríos 0-0: Called Strike
0-1: Ball
1-1: Swinging Strike
1-2: Foul Ball, location: 2F
1-2: Ball
2-2: Ball
3-2: Strikes out swinging
Bottom of the 8th over - 0 run(s), 0 hit(s), 0 error(s), 0 left on base; Bakersfield 11 - Salt Lake City 0
TOP OF THE 9TH
Bakersfield Nobles batting - Pitching for Salt Lake City Buzz : RHP Carlos Delgado
Batting: RHB Juan Alba 0-0: SINGLE (Groundball, 5D)
Batting: RHB Luis Jiménez 0-0: Sac Bunt - play at second, runner OUT! 1-6
Batting: SHB Jon Jenkins 0-0: Ball
1-0: Called Strike
1-1: Swinging Strike
1-2: Ball
2-2: Foul Ball, location: 2F
2-2: Ball
3-2: Grounds into double play, 4-6-3 (Groundball, 4)
Top of the 9th over - 0 run(s), 1 hit(s), 0 error(s), 0 left on base; Bakersfield 11 - Salt Lake City 0
BOTTOM OF THE 9TH
Salt Lake City Buzz batting - Pitching for Bakersfield Nobles : RHP Alejandro Arteaga
Batting: SHB Carlton Reed 0-0: Ball
1-0: Called Strike
1-1: Ball
2-1: Reached on error, E3 (Groundball, 3L)
Pitching: RHP Jim Unknown
Batting: RHB Oliver Aranda 0-0: Called Strike
0-1: Ball
1-1: Ball
2-1: Ball
3-1: Swinging Strike
3-2: Fly out, F8 (Flyball, 8RXD)
Batting: RHB Miguel Vidro 0-0: Swinging Strike
0-1: Called Strike
0-2: Ball
1-2: Fly out, F9 (Flyball, 89S)
Batting: RHB Patrick Clark 0-0: Called Strike
0-1: Ball
1-1: Ball
2-1: 2-RUN HOME RUN (Line Drive, 7D), Distance : 402 ft
Batting: RHB Ichiyo Fujii 0-0: Ball
1-0: Foul Ball, location: 2F
1-1: Called Strike
1-2: Strikes out looking
Bottom of the 9th over - 2 run(s), 1 hit(s), 1 error(s), 0 left on base; Bakersfield 11 - Salt Lake City 2
This league is powered by Out of the Park Baseball, the baseball management simulation game for PC, Mac and Linux
Friday, April 15th, 2016 - OOTP Baseball 16.9 Build 39